AoeStats
← Raiquen

Black Forest

510005098Analyzed
3v3 RM · 3d ago on Sep 29, 2026· 63m 54s· 6 players
Game mode
Random Map
Map size
Normal (6 player)
Population
200
Speed
Normal
Resources
Standard
Victory
Conquest
Starting age
Dark Age
Ending age
Imperial Age
RankedLock teamsTeams togetherTeam positionsShared explorationLock speedFull tech treeHidden civsTurbo modeCheats
Victory
Defeat
🇦🇷 Turks · Argentina
914
+12
🇦🇷 Bohemians · Argentina
905
+13
🇦🇷 Khitans · Argentina
891
+13
🇨🇱 Romans · Chile
884
-14
🇨🇱 Chinese · Chile
832
-13
🇺🇸 Aztecs · United States
784
-11
Phobos scattered my army
0:36 Loom
13:36 Feudal Age
21:43 Castle Age
25:28 Squires
25:15 Arson
25:34 Scale Mail Armor
27:11 Forging
27:17 Chain Mail Armor
29:03 Iron Casting
28:12 Horse Collar
35:15 Imperial Age
33:15 Double-Bit Axe
34:43 Heavy Plow
36:24 Wheelbarrow
42:47 Conscription
Microbio_ubb
0:29 Loom
10:39 Feudal Age
11:56 Wheelbarrow
11:09 Double-Bit Axe
14:31 Town Watch
15:49 Horse Collar
18:38 Castle Age
18:40 Gold Mining
18:44 Stone Mining
25:55 Hand Cart
31:34 Fortified Wall
32:20 Bow Saw
35:47 Imperial Age
33:58 Ballistics
34:46 Gold Shaft Mining
34:49 Stone Shaft Mining
35:46 Coinage
38:46 Chemistry
38:56 Heavy Rocket Cart
41:05 Great Wall
40:46 Pikeman
41:28 Elite Chu Ko Nu
44:37 Light Cavalry
45:33 Bloodlines
47:18 Fletching
47:44 Husbandry
48:39 Capped Ram
52:34 Two-Man Saw
53:46 Scale Barding Armor
53:05 Elite Skirmisher
Raiquen
0:39 Loom
14:45 Feudal Age
16:47 Wheelbarrow
16:12 Double-Bit Axe
16:36 Horse Collar
19:10 Castle Age
20:10 Heavy Plow
20:38 Stone Mining
26:00 Gold Mining
28:49 Bow Saw
30:41 Hand Cart
34:34 Imperial Age
32:30 Scale Mail Armor
31:56 Man-at-Arms
32:49 Ballistas
33:51 Gold Shaft Mining
33:49 Chain Mail Armor
33:44 Forging
34:07 Squires
34:04 Long Swordsman
34:05 Pikeman
36:10 Iron Casting
36:04 Conscription
36:40 Crop Rotation
36:36 Ballistics
37:21 Heavy Scorpion
39:28 Legionary
42:21 Chemistry
42:41 Blast Furnace
eu bata6625
0:29 Loom
10:33 Feudal Age
11:00 Double-Bit Axe
10:57 Horse Collar
18:07 Castle Age
18:04 Forging
19:31 Bow Saw
20:39 Wheelbarrow
21:13 Heavy Plow
24:52 Bloodlines
25:58 Stone Mining
26:00 Gold Mining
26:30 Hand Cart
27:32 Husbandry
30:52 Imperial Age
28:12 Town Watch
29:42 Scale Barding Armor
31:09 Murder Holes
30:54 Treadmill Crane
31:35 Ballistics
32:03 Coinage
31:33 Caravan
34:08 Gold Shaft Mining
35:01 Two-Man Saw
34:57 Iron Casting
34:14 Fletching
36:01 Chain Barding Armor
39:02 Plate Barding Armor
39:28 Blast Furnace
39:36 Bodkin Arrow
48:51 Bracer
SOKOTREKE
0:29 Loom
13:52 Feudal Age
14:42 Double-Bit Axe
20:46 Castle Age
19:01 Horse Collar
24:22 Wheelbarrow
24:29 Wheelbarrow
27:54 Bow Saw
29:01 Heavy Plow
30:01 Fortified Wall
31:49 Chemistry
34:06 Imperial Age
36:50 Forging
43:20 Houfnice
44:38 Conscription
44:24 Hussite Reforms
45:38 Two-Man Saw
44:16 Elite Hussite Wagon
45:41 Siege Engineers
53:22 Iron Casting
52:48 Scale Mail Armor
52:20 Pikeman
53:01 Squires
53:27 Halberdier
56:56 Blast Furnace
56:11 Chain Mail Armor
59:26 Caravan
59:57 Coinage
59:38 Guilds
63:26 Plate Mail Armor
CondorAlbino
0:33 Loom
13:24 Feudal Age
13:50 Double-Bit Axe
16:37 Wheelbarrow
21:39 Castle Age
20:03 Domestication
22:42 Bow Saw
23:16 Wheelbarrow
25:07 Pastoralism
27:58 Gold Mining
32:04 Imperial Age
31:37 Hand Cart
32:18 Town Watch
32:49 Husbandry
33:24 Forging
33:19 Scale Barding Armor
33:38 Ballistics
35:18 Chemistry
36:41 Iron Casting
36:12 Scale Barding Armor
35:57 Fletching
36:09 Padded Archer Armor
36:00 Elite Skirmisher
37:32 Scale Mail Armor
37:14 Crossbowman
40:49 Chain Mail Armor
40:30 Bodkin Arrow
40:55 Chain Barding Armor
40:50 Leather Archer Armor
41:38 Heavy Camel Rider
43:54 Plate Barding Armor
43:19 Bracer
45:04 Two-Man Saw
44:36 Thumb Ring
46:01 Stone Mining
46:14 Heavy Rocket Cart
47:48 Heated Shot
47:53 Murder Holes
48:23 Bracer
48:54 Plate Mail Armor
51:02 Elite Steppe Lancer
55:49 Parthian Tactics
54:45 Heavy Cavalry Archer
60:45 Ring Archer Armor
63:45 Transhumance
Connection lost

Rejoining the realm…

Still unreachable

The connection could not be restored.

Session expired

The server has moved on; the page needs a fresh start.